AoeStats
← Gregory176144

Arabia

510476974Analyzed
1v1 RM · 11h ago on Oct 1, 2026· 34m 37s· 2 players
Game mode
Random Map
Map size
Tiny (2 player)
Population
200
Speed
Normal
Resources
Standard
Victory
Conquest
Starting age
Dark Age
Ending age
Imperial Age
RankedLock teamsTeams togetherTeam positionsShared explorationLock speedFull tech treeHidden civsTurbo modeCheats
Victory
Defeat
🇦🇷 Vietnamese · Argentina
1402
+17
🇳🇿 Goths · New Zealand
1428
-17
Gregory176144
8:47 Feudal Age
10:06 Wheelbarrow
9:17 Double-Bit Axe
9:13 Horse Collar
14:14 Loom
14:30 Fletching
16:32 Town Watch
20:05 Castle Age
18:32 Gold Mining
19:22 Padded Archer Armor
21:01 Hand Cart
20:59 Bow Saw
20:51 Heavy Plow
20:42 Stone Mining
21:10 Stone Mining
23:29 Bodkin Arrow
25:14 Stone Shaft Mining
24:47 Treadmill Crane
33:55 Imperial Age
32:07 Ballistics
32:09 Padded Archer Armor
33:31 Husbandry
33:41 Bloodlines
35:00 Scale Barding Armor
leeshhgoooo
5:59 Loom
9:12 Feudal Age
9:15 Man-at-Arms
13:53 Fletching
14:24 Double-Bit Axe
17:44 Wheelbarrow
21:43 Castle Age
19:51 Scale Barding Armor
19:31 Horse Collar
19:43 Gold Mining
20:35 Scale Barding Armor
21:12 Bloodlines
21:03 Town Watch
22:38 Bow Saw
26:13 Stone Mining
29:13 Forging
31:48 Bodkin Arrow
33:03 Scale Mail Armor
34:56 Squires
Connection lost

Rejoining the realm…

Still unreachable

The connection could not be restored.

Session expired

The server has moved on; the page needs a fresh start.